cohdb
Replays
Latest Replays
All Replays
Popular Replays
Top Player Replays
Match Explorer
How It Works
Community
CoH3 Stats
Reddit
Sign in to upload your games and track your stats! →
Sign in with Steam
Match 45198926
Unlisted
Match 45198926
Overview
Messages
Build Orders
End
Kradschützen Motorcycle Team
250 Light Carrier
Panzergrenadier Squad
Construct Light Support Kompanie
Selects Panzerjäger Kommand Battlegroup
Selects GrB 39 Grenade Launcher Requisition
Fire Support Elements
Panzergrenadier Squad
Flakvierling Half-track
Selects Mine Fields
Panzerjäger Mechanized Group
Vehicle Survival Package
Construct Mechanized Kompanie
2.5-tonne Medical Truck
Veteran Squad Leaders
18-tonne Recovery Half-track
StuG III D Assault Gun
Marder III Tank Destroyer
Selects Crew Shock Tactics
Unsafe
Majestic
Peetybird5000
zintoko
asylumforlife
Somà
0
0
Comments
sign in to comment!
No comments posted yet!